 Dungeon Crawl Stone Soup version 0.30-a0-721-ga6a225cb13 (webtiles) character file.

Game seed: 15159467134303932513

33 M4edhros the Vexing (level 3, -3/24 HPs)
             Began as an Octopode Hexslinger on Jan 27, 2023.
             Slain by Terence
             ... wielding a +0 falchion
              (8 damage)
             ... on level 2 of the Dungeon.
             The game lasted 00:01:00 (556 turns).

M4edhros the Vexing (Octopode Hexslinger)            Turns: 556, Time: 00:01:01

Health: -3/24      AC:  1    Str:  9    XL:     3   Next: 29%
Magic:  3/4        EV: 13    Int: 15    God:
Gold:   42         SH:  0    Dex: 14    Spells: 3/4 levels left

rFire   . . .      SeeInvis .    a - +1 sling
rCold   . . .      Faith    .    (no shield)
rNeg    + . .      Spirit   .    (helmet restricted)
rPois   .          Reflect  .    (no amulet)
rElec   .          Harm     .    f - ring of positive energy
rCorr   .          Rampage  .    (no ring)
Will    .....                    (no ring)
Stlth   ++                       (no ring)
HPRegen 0.24/turn                (no ring)
MPRegen 0.09/turn                (no ring)
                                 (no ring)
                                 (no ring)

@: no status effects
A: almost no armour, amphibious, 8 rings, camouflage 1, gelatinous body 1,
(nimble swimmer 1), tentacles
a: no special abilities


You were on level 2 of the Dungeon.
You visited 1 branch of the dungeon, and saw 2 of its levels.

You collected 42 gold pieces.

Inventory:

Hand Weapons
 a - a +1 sling (weapon)
Magical Staves
 j - a staff of cold
Jewellery
 f - a ring of positive energy (left tentacle)
Scrolls
 b - 2 scrolls of poison
 h - a scroll of immolation {unknown}
 i - a scroll of vulnerability {unknown}
Potions
 c - a potion of berserk rage {unknown}
 e - 2 potions of resistance {unknown}
 g - 2 potions of lignification {unknown}


   Skills:
 + Level 1.7 Fighting
 * Level 2.9 Ranged Weapons
 + Level 2.4 Dodging
 - Level 1.0 Spellcasting
 - Level 3.0 Hexes


You had 3 spell levels left.
You knew the following spells:

 Your Spells              Type           Power      Damage    Failure   Level
a - Slow                  Hex            36%        N/A       7%          1

Your spell library contained the following spells:

 Spells                   Type           Power      Damage    Failure   Level
 Inner Flame              Hex/Fire       5%         N/A       36%         3
 Portal Projectile        Hex/Tloc       10%        N/A       36%         3
 Cause Fear               Hex            4%         N/A       56%         4


Dungeon Overview and Level Annotations

Branches:
Dungeon (2/15)

Altars:

Annotations:
D:2 Terence


Innate Abilities, Weirdness & Mutations

You cannot wear most types of armour.
You are amphibious.
You can wear up to eight rings at the same time.
Your skin changes colour to match your surroundings (Stealth+).
Your rubbery body absorbs attacks. (AC +1, EV +1)
((You are camouflaged when in or above water. (Stealth+)))
You have tentacles for arms and can constrict up to eight enemies at once.


Message History

Terence is heavily wounded.
The bat hits you. Terence barely misses you.
You shoot a sling bullet.
The sling bullet hits Terence but does no damage.
Terence is heavily wounded.
The bat closely misses you. Terence hits you with a +0 falchion!
Terence misses you.
You shoot a sling bullet. The sling bullet barely misses Terence.
The bat misses you. Terence looks scornfully at you. Terence barely misses you.
The bat misses you.
You shoot a sling bullet.
The sling bullet hits Terence but does no damage.
Terence is heavily wounded.
The bat hits you but does no damage. The bat closely misses you.
Terence closely misses you.
You shoot a sling bullet. The sling bullet hits Terence!
Terence is almost dead.
The bat barely misses you. The bat misses you.
Terence hits you with a +0 falchion!
* * * LOW HITPOINT WARNING * * *
The bat hits you.
* * * LOW HITPOINT WARNING * * *
You are too injured to fight recklessly!
You are too injured to fight recklessly!
You are too injured to fight recklessly!
You are too injured to fight recklessly!
You are too injured to fight recklessly!
You are too injured to fight recklessly!
You feel better. The bat hits you but does no damage.
Terence shouts, "Get ready for death!"
Terence hits you with a +0 falchion!
* * * LOW HITPOINT WARNING * * *
Aiming: Slow (safe; 7% risk of failure)
Press: ? - help, Q - select action, (/) - cycle Shift-Dir - straight line, f/p - Terence
Aim: Terence, wielding a +0 falchion and wearing a +0 ring mail (almost dead, chance to affect: 51%) Terence seems to slow down.
The bat hits you but does no damage. The bat misses you.
Terence hits you with a +0 falchion!
You die...

##### ...(..##
###....
#.......#######...###
.........[..........
.... .#######.#####
... #.# #.# #.#
#@#### #.##### #@b..#
####.#....
####.####......###
#...#..##.###
###...###..# ##..#
##.# #### #.# #[# #.
###.###. #.# #.......


You could see Terence (slow) and a bat.

Vanquished Creatures
  An adder (D:2)
  2 ball pythons
  5 endoplasms
  2 giant cockroaches
  4 goblins
  3 bats (D:2)
  A frilled lizard (D:1)
  2 kobolds
  2 rats (D:2)
22 creatures vanquished.

Notes
Turn   | Place    | Note
-------+----------+-------------------------------------------
     0 | D:1      | M4edhros the Octopode Hexslinger began the quest for the
                  | Orb.
     0 | D:1      | Reached XP level 1. HP: 13/13 MP: 2/2
   135 | D:1      | Reached XP level 2. HP: 18/18 MP: 3/3
   360 | D:2      | Reached XP level 3. HP: 23/23 MP: 4/4
   538 | D:2      | Noticed Terence
   556 | D:2      | Slain by Terence

Illustrated notes

Levels and vault maps discovered:
D:1:      kilobyte_arrival_exit_the_forest, layout_basic,
          hellmonk_ecumenical_altar_zigzags, minmay_crystal_room,
          palyth_stone_intersect
D:2:      layout_rooms, uniq_terence

Action                     || total
---------------------------++-------
   Fire: Sling             ||    80
   Cast: Slow              ||     1
    Use: Potion            ||     1
 Armour: Skin              ||    10
  Dodge: Dodged            ||    40

Table legend: (Time is in decaauts)
 A = Elapsed time spent in this place.
 B = Non-inter-level travel time spent in this place.
 C = Inter-level travel time spent in this place.
 D = Time resting spent in this place.
 E = Time spent auto-exploring this place.
 F = Levels seen in this place.
 G = Mean time per level.
                   A        B        C        D        E       F      G
               +--------+--------+--------+--------+--------+-----+--------+
         Total |    577 |    577 |      0 |     96 |    317 |   2 |  288.5 |
       Dungeon |    577 |    577 |      0 |     96 |    317 |   2 |  288.5 |
               +--------+--------+--------+--------+--------+-----+--------+

Top non-repeatable levels by time:
     D:2: 418 daAuts
     D:1: 158 daAuts
